General information
			
			
        
        - name: 2v2 pros /w obs 3
 
        - type: Custom game
 
        - host: K-GaMe.SoLaR
 
        - saver: TIMG4STRok
 
        
map: TwistedMeadows 
        - players: 12
 
        - length: 16:06
 
        - speed: Fast
 - version: 1.22 W3XP
 - replay type:  

 
» download(159 KB)
Players
        team 1 (loser) 
              
              
K-GaMe.SoLaR (
light-blue | 75 APM | 1201 actions | 16:04)
              
 3 Blood Mage 
 2 Siphon Mana
 1 Banish
 
                » actions 
                
                | Assign group hotkey | 16 |  | 
| Basic commands | 6 |  | 
| Build / train | 32 |  | 
| Enter build submenu | 23 |  | 
| Enter hero's abilities submenu | 3 |  | 
| Right click | 589 |  | 
| Select / deselect | 199 |  | 
| Select group hotkey | 268 |  | 
| Use ability | 65 |  | 
                1201 total
 » units 
                » buildings
                
                | Altar of Kings | 1 |  | 
| Farm | 4 |  | 
| Scout Tower | 12 |  | 
| Arcane Tower | 1 |  | 
| Arcane Vault | 1 |  | 
| Lumber Mill | 1 |  | 
| Guard Tower | 3 |  | 
| Town Hall | 1 |  | 
                24 total
 » build order
                00:08 Altar of Kings
00:12 Farm
00:52 Scout Tower
01:32 Arcane Tower
01:49 Farm
03:03 Farm
03:13 Farm
03:47 Arcane Vault
07:41 Lumber Mill
09:15 Scout Tower
09:19 Scout Tower
11:23 Scout Tower
11:25 Scout Tower
11:28 Scout Tower
11:35 Scout Tower
12:04 Guard Tower
12:09 Town Hall
12:41 Guard Tower
12:43 Scout Tower
14:15 Scout Tower
14:17 Scout Tower
14:19 Scout Tower
14:23 Scout Tower
14:56 Guard Tower
» items
                
                | Lesser Clarity Potion | 1 |  | 
| Scroll of Regeneration | 1 |  | 
                2 total
  
               
              
              
tricksta (
blue | 130 APM | 2092 actions | 16:04)
              
 3 Death Knight 
 2 Death Coil
 1 Unholy Aura
 2 Lich 
 1 Frost Armor
 1 Frost Nova
 
                » actions 
                
                | Assign group hotkey | 57 |  | 
| Basic commands | 32 |  | 
| Build / train | 41 |  | 
| ESC pressed | 1 |  | 
| Enter build submenu | 14 |  | 
| Enter hero's abilities submenu | 5 |  | 
| Give item / drop item | 2 |  | 
| Right click | 884 |  | 
| Select / deselect | 338 |  | 
| Select group hotkey | 630 |  | 
| Use ability | 88 |  | 
                2092 total
 » units 
                
                | Acolyte | 2 |  | 
| Ghoul | 2 |  | 
| Crypt Fiend | 12 |  | 
                16 total
 » upgrades
                
                | Creature Attack | 1 |  | 
| Creature Carapace | 1 |  | 
| Burrow | 1 |  | 
                3 total
 » buildings
                
                | Crypt | 2 |  | 
| Altar of Darkness | 1 |  | 
| Ziggurat | 7 |  | 
| Graveyard | 1 |  | 
| Tomb of Relics | 1 |  | 
| Nerubian Tower | 1 |  | 
| Halls of the Dead | 2 |  | 
| Black Citadel | 1 |  | 
| Sacrificial Pit | 1 |  | 
| Slaughterhouse | 1 |  | 
                18 total
 » build order
                00:08 Crypt
00:10 Altar of Darkness
00:25 Ziggurat
00:51 Graveyard
01:00 Tomb of Relics
01:09 Crypt
01:22 Ziggurat
01:23 Ziggurat
01:42 Nerubian Tower
03:32 Ziggurat
05:09 Halls of the Dead
05:09 Halls of the Dead
05:30 Ziggurat
07:35 Black Citadel
07:44 Ziggurat
07:45 Ziggurat
08:57 Sacrificial Pit
09:19 Slaughterhouse
» items
                
                | Rod of Necromancy | 2 |  | 
| Dust of Appearance | 1 |  | 
| Lesser Clarity Potion | 3 |  | 
| Scroll of Regeneration | 2 |  | 
| Scroll of Town Portal | 1 |  | 
| Potion of Lesser Invulnerability | 1 |  | 
                10 total
  
               team 2 (winner) 
              
              
TIMG4STRok (
gray | 175 APM | 2818 actions | 16:06)
              
 2 Blademaster 
 1 Wind Walk
 1 Critical Strike
 3 Shadow Hunter 
 1 Hex
 2 Healing Wave
 
                » actions 
                
                | Assign group hotkey | 22 |  | 
| Basic commands | 51 |  | 
| Build / train | 48 |  | 
| Enter build submenu | 13 |  | 
| Enter hero's abilities submenu | 5 |  | 
| Give item / drop item | 1 |  | 
| Right click | 1393 |  | 
| Select / deselect | 195 |  | 
| Select group hotkey | 1008 |  | 
| Use ability | 82 |  | 
                2818 total
 » units 
                
                | Peon | 7 |  | 
| Grunt | 5 |  | 
| Raider | 4 |  | 
| Spirit Walker | 2 |  | 
| Wind Rider | 2 |  | 
                20 total
 » upgrades
                
                | Pillage | 1 |  | 
| Berserker Strength | 1 |  | 
| Ensnare | 1 |  | 
| Spirit Walker Training | 1 |  | 
| Envenomed Spears | 1 |  | 
| Shaman Training | 1 |  | 
                6 total
 » buildings
                
                | Altar of Storms | 1 |  | 
| Orc Burrow | 5 |  | 
| Barracks | 1 |  | 
| Stronghold | 1 |  | 
| Voodoo Lounge | 2 |  | 
| Beastiary | 2 |  | 
| Spirit Lodge | 1 |  | 
| Fortress | 1 |  | 
                14 total
 » build order
                00:04 Altar of Storms
00:23 Orc Burrow
00:57 Barracks
01:37 Orc Burrow
03:18 Stronghold
03:36 Orc Burrow
04:00 Voodoo Lounge
04:06 Voodoo Lounge
05:42 Beastiary
05:44 Spirit Lodge
07:54 Orc Burrow
08:57 Fortress
10:26 Orc Burrow
12:29 Beastiary
» items
                
                | Boots of Speed | 2 |  | 
| Healing Salve | 2 |  | 
| Lesser Clarity Potion | 2 |  | 
| Scroll of Healing | 1 |  | 
| Scroll of Protection | 1 |  | 
| Circlet of Nobility | 1 |  | 
| Scroll of Town Portal | 1 |  | 
| Orb of Lightning | 1 |  | 
                11 total
  
               
              
              
Ak4shic[zK] (
red | 193 APM | 3108 actions | 16:04)
              
 3 Demon Hunter 
 2 Mana Burn
 1 Evasion
 3 Keeper of the Grove 
 2 Entangling Roots
 1 Thorns Aura
 
                » actions 
                
                | Assign group hotkey | 53 |  | 
| Basic commands | 86 |  | 
| Build / train | 56 |  | 
| ESC pressed | 6 |  | 
| Enter build submenu | 15 |  | 
| Enter hero's abilities submenu | 6 |  | 
| Right click | 1477 |  | 
| Select / deselect | 342 |  | 
| Select group hotkey | 974 |  | 
| Use ability | 93 |  | 
                3108 total
 » units 
                
                | Wisp | 17 |  | 
| Huntress | 4 |  | 
| Druid of the Claw | 8 |  | 
| Dryad | 2 |  | 
                31 total
 » upgrades
                
                | Ultravision | 1 |  | 
| Druid of the Claw Training | 3 |  | 
| Mark of the Claw | 1 |  | 
| Abolish Magic | 1 |  | 
| Strength of the Wild | 1 |  | 
| Reinforced Hides | 1 |  | 
                8 total
 » buildings
                
                | Altar of Elders | 1 |  | 
| Moon Well | 6 |  | 
| Hunter's Hall | 1 |  | 
| Ancient of War | 1 |  | 
| Tree of Ages | 1 |  | 
| Ancient of Wonders | 1 |  | 
| Ancient of Lore | 2 |  | 
| Tree of Eternity | 1 |  | 
| Ancient Protector | 1 |  | 
                15 total
 » build order
                00:03 Altar of Elders
00:16 Moon Well
01:36 Hunter's Hall
01:41 Ancient of War
01:54 Moon Well
03:22 Tree of Ages
04:39 Ancient of Wonders
05:47 Ancient of Lore
05:48 Ancient of Lore
05:53 Moon Well
06:16 Moon Well
06:38 Tree of Eternity
12:19 Moon Well
13:39 Moon Well
14:05 Ancient Protector
» items
                
                | Staff of Preservation | 1 |  | 
| Lesser Clarity Potion | 1 |  | 
| Dust of Appearance | 1 |  | 
                3 total
  
               observersContateste, 
Sir-Micro, 
thai1983, 
xD.SHlN, 
yane, 
S(o)L, 
MoScrilla, 
tipzntrix Chat log
          (00:16 / Allies) TIMG4STRok: glad he wants a re, last game i fucked up my base 
(00:19 / Allies) TIMG4STRok: and forgot burrow during tech
(00:20 / Allies) Ak4shic[zK]: lol :P
(00:29 / Allies) Ak4shic[zK]: ya i messed up quote a bit too
(00:30 / Allies) Ak4shic[zK]: help me scout plz
(01:34 / Allies) TIMG4STRok: same thing
(01:48 / All) Ak4shic[zK]: wow
(01:49 / All) Ak4shic[zK]: epic fail
(01:52 / All) tricksta: ?
(01:59 / All) Ak4shic[zK]: 4 wisps ^^
(02:03 / All) tricksta: =/
(03:05 / Allies) Ak4shic[zK]: b
(03:28 / Allies) Ak4shic[zK]: b
(05:11 / Allies) Ak4shic[zK]: b
(05:27 / Allies) TIMG4STRok: gonna heal up
(05:29 / Allies) Ak4shic[zK]: same
(05:35 / Allies) Ak4shic[zK]: lol
(05:36 / Allies) Ak4shic[zK]: wtf they doing
(06:36 / Allies) TIMG4STRok: wait for sh
(07:01 / Allies) Ak4shic[zK]: hmm
(07:23 / Allies) Ak4shic[zK]: b
(07:41 / Allies) Ak4shic[zK]: trust
(08:32 / Allies) Ak4shic[zK]: b
(09:19 / Allies) TIMG4STRok: main the ud
(10:02 / Allies) Ak4shic[zK]: tp
(10:14 / Allies) TIMG4STRok: hes out of the game
(10:16 / Allies) TIMG4STRok: no acos no main
(10:17 / Allies) Ak4shic[zK]: ye
(10:18 / Allies) Ak4shic[zK]: :)
(12:21 / Allies) TIMG4STRok: dust
(16:00 / All) K-GaMe.SoLaR: k
(16:02 / All) Ak4shic[zK]: gg
(16:03 / All) K-GaMe.SoLaR: gg
(16:04 / All) tricksta: gg